Map: [TLMC19] Ghost River

Players

Harstem - Winner!

  • Race: Protoss Protoss
  • League: Grandmaster
  • Spawn Location: 1:00

Wayne (Vanya)

  • Race: Zerg Zerg
  • League: Master
  • Spawn Location: 11:00

VOD

Have the link to the VOD?

Description

Time

  • Played on: Dec. 21, 2023, 6:41 a.m.
  • Length: 12:22
Show
View Real Time Build Order
Export as new Build Order

Harstem Protoss - Winner!

Build Orders: 1 Gate Expand, Oracle Opening, Archon Immortal 

Get SALT Encoding   

  12  0:00  Probe  
  13  0:12  Probe  
  14  0:17  Pylon  
  14  0:24  Probe (Chrono Boost)  
  15  0:36  Probe (Chrono Boost)  
  15  0:38  Gateway  
  16  0:44  Probe (Chrono Boost)  
  16  0:48  Assimilator  
  17  0:51  Probe  
  18  1:03  Probe  
  19  1:15  Probe  
  20  1:26  Nexus  
  20  1:35  Cybernetics Core  
  20  1:38  Probe  
  21  1:43  Assimilator  
  21  1:50  Probe  
  22  1:54  Pylon  
  22  2:02  Probe  
  23  2:09  Adept (Chrono Boost)  
  23  2:14  Probe  
  26  2:22  Stargate  
  26  2:26  Probe  
  26  2:29  Adept (Chrono Boost)  
  29  2:37  Warp Gate  
  29  2:38  Probe x2  
  31  2:50  Probe x2  
  33  2:52  Adept  
  35  3:02  Probe  
  35  3:03  Probe  
  35  3:05  Oracle (Chrono Boost)  
  40  3:14  Probe  
  40  3:15  Probe  
  40  3:16  Pylon  
  42  3:23  Gateway  
  42  3:26  Probe  
  43  3:27  Probe  
  43  3:32  Oracle (Chrono Boost)  
  44  3:38  Probe  
  44  3:39  Probe  
  49  3:45  Pylon  
  49  3:50  Probe  
  49  3:52  Probe  
  50  4:01  Oracle (Chrono Boost)  
  50  4:03  Probe  
  50  4:04  Probe  
  55  4:12  Nexus  
  55  4:15  Probe  
  55  4:16  Probe  
  57  4:18  Pylon  
  57  4:27  Stalker, Forge  
  57  4:30  Probe  
  61  4:32  Stalker  
  61  4:36  Assimilator, Probe (Chrono Boost)  
  61  4:38  Assimilator  
  63  4:42  Probe (Chrono Boost)  
  63  4:43  Gateway  
  64  4:46  Pylon  
  64  4:48  Probe (Chrono Boost)  
  66  4:54  Stalker, Probe (Chrono Boost)  
  66  4:57  Probe (Chrono Boost)  
  66  4:59  Probe (Chrono Boost)  
  69  5:03  Probe  
  69  5:06  Stalker, Pylon  
  73  5:09  Probe, Protoss Ground Weapons Level 1 (Chrono Boost)  
  74  5:14  Twilight Council  
  74  5:17  Probe (Chrono Boost)  
  76  5:24  Zealot, Probe (Chrono Boost)  
  76  5:25  Probe (Chrono Boost)  
  80  5:29  Probe (Chrono Boost)  
  80  5:34  Probe (Chrono Boost)  
  82  5:35  Probe (Chrono Boost)  
  82  5:36  Probe (Chrono Boost)  
  82  5:37  Zealot  
  82  5:39  Probe (Chrono Boost)  
  86  5:43  Probe  
  86  5:45  Probe  
  88  5:51  Zealot x2, Probe  
  88  5:52  Assimilator  
  88  5:55  Probe  
  88  5:56  Assimilator  
  90  5:57  Charge (Chrono Boost), Probe  
  90  5:58  Zealot  
  90  6:01  Templar Archives  
  90  6:04  Gateway  
  94  6:08  Probe  
  94  6:11  Gateway x2  
  94  6:13  Probe  
  94  6:14  Probe  
  94  6:16  Pylon  
  94  6:18  Pylon  
  96  6:21  Zealot, Sentry  
  96  6:24  Pylon  
  100  6:28  Robotics Facility  
  100  6:36  Stalker  
  102  6:41  Phoenix  
  102  6:45  Zealot x2, Probe  
  107  6:48  Nexus  
  107  6:49  Probe  
  107  6:51  Pylon  
  108  6:56  Probe  
  108  6:59  Probe  
  108  7:00  High Templar x2  
  108  7:01  Protoss Ground Weapons Level 2 (Chrono Boost)  
  114  7:02  Shield Battery  
  114  7:04  Pylon  
  114  7:07  Archon  
  114  7:11  High Templar x2  
  114  7:13  Probe  
  114  7:14  Psionic Storm  
  119  7:16  Pylon  
  119  7:17  Probe, Immortal (Chrono Boost)  
  119  7:19  Shield Battery  
  124  7:26  Probe  
  125  7:32  High Templar x2  
  125  7:35  Zealot x2  
  133  7:39  Probe  
  133  7:41  Gateway, Pylon  
  134  7:46  Gateway  
  134  7:50  Immortal (Chrono Boost)  
  134  7:51  Zealot x2  
  134  7:55  Pylon  
  134  7:57  Shield Battery  
  142  7:59  Shield Battery  
  142  8:09  Zealot x4  
  150  8:23  Immortal  
  150  8:25  Zealot x2  
  154  8:34  Probe  
  154  8:38  Zealot x5  
  154  8:40  Oracle  
  145  8:53  Zealot x3  
  145  8:54  Probe  
  145  8:55  Gateway  
  142  8:57  Gateway  
  142  8:59  Zealot x5  
  142  9:01  Gateway  
  144  9:08  Probe, Immortal (Chrono Boost)  
  147  9:13  Assimilator  
  147  9:15  Assimilator  
  141  9:17  Zealot x3  
  147  9:27  High Templar x4  
  147  9:28  Zealot  
  157  9:32  Archon x2  
  157  9:33  Immortal (Chrono Boost)  
  161  9:40  Archon  
  145  9:48  Zealot x4  
  143  9:57  Zealot  
  143  9:58  Zealot x2  
  131  10:01  Zealot x4  
  131  10:03  Oracle (Chrono Boost)  
  140  10:07  Probe  
  140  10:12  Immortal (Chrono Boost)  
  140  10:13  High Templar x3, Stargate  
  140  10:14  High Templar  
  143  10:17  Robotics Facility  
  143  10:18  Archon  
  143  10:19  Archon  
  143  10:20  High Templar x2  
  149  10:22  Zealot x4  
  157  10:28  Archon  
  157  10:32  Zealot  
  153  10:37  Oracle (Chrono Boost)  
  153  10:41  Immortal (Chrono Boost)  
  153  10:42  Probe  
  159  10:43  Zealot  
  159  10:44  Zealot x3  
  167  10:50  Zealot x3  
  173  10:57  High Templar x3  
  173  11:00  Probe  
  173  11:02  Pylon  
  180  11:06  Pylon  
  161  11:19  Zealot x5  
  161  11:28  Oracle x2  
  161  11:29  Zealot x3  
  161  11:30  Zealot x3  
  173  11:37  Immortal  
  175  11:55  Zealot x7  
  175  11:56  Zealot x4  
  194  12:08  Pylon  
Show
View Real Time Build Order
Export as new Build Order

Wayne Zerg 

Build Orders: Hatch First, Swarm Host 

Get SALT Encoding   

  12  0:00  Drone  
  13  0:12  Overlord  
  13  0:17  Drone  
  14  0:30  Drone x2  
  16  0:48  Hatchery  
  15  0:50  Drone  
  15  0:54  Drone  
  17  0:57  Drone  
  18  1:08  Extractor  
  17  1:13  Spawning Pool  
  17  1:15  Drone  
  17  1:20  Drone  
  18  1:28  Drone  
  19  1:38  Drone  
  20  1:49  Overlord  
  20  2:00  Queen x2  
  20  2:01  Zergling x4  
  26  2:11  Drone x2  
  26  2:14  Metabolic Boost  
  28  2:22  Drone x2  
  30  2:34  Hatchery  
  30  2:36  Zergling x2  
  30  2:42  Queen  
  32  2:46  Zergling x2  
  32  2:49  Overlord  
  33  2:53  Drone  
  33  2:58  Zergling x2  
  33  3:01  Drone  
  35  3:09  Drone x3  
  37  3:13  Zergling x2  
  37  3:15  Queen, Zergling x2  
  41  3:20  Overlord  
  41  3:22  Drone  
  41  3:23  Drone  
  43  3:38  Queen  
  45  3:42  Drone x6  
  45  3:46  Queen  
  49  3:58  Spore Crawler  
  49  3:59  Drone  
  49  4:00  Drone x3  
  50  4:04  Drone  
  50  4:07  Drone  
  52  4:10  Zergling x4  
  52  4:12  Drone  
  52  4:15  Spore Crawler  
  54  4:18  Spore Crawler  
  54  4:20  Drone x3  
  56  4:29  Evolution Chamber  
  55  4:32  Overlord  
  55  4:35  Overlord  
  55  4:37  Drone x2  
  57  4:47  Hatchery  
  57  4:51  Drone  
  57  4:52  Drone x4  
  61  4:59  Drone x2  
  62  5:04  Lair  
  62  5:05  Zerg Missile Weapons Level 1  
  62  5:08  Drone x5  
  62  5:12  Zergling x4  
  69  5:21  Roach Warren  
  69  5:22  Zergling x4  
  69  5:23  Zergling x8  
  69  5:28  Overlord x2  
  73  5:35  Overlord  
  73  5:47  Overlord  
  73  5:49  Drone  
  70  5:50  Drone x11  
  70  5:55  Zergling x2  
  74  5:59  Drone x2  
  74  6:00  Extractor x2  
  74  6:02  Extractor  
  73  6:06  Zergling x4  
  73  6:07  Zergling x4  
  73  6:08  Drone x2  
  79  6:11  Drone  
  79  6:13  Glial Reconstitution, Extractor x2  
  79  6:14  Drone  
  79  6:16  Overseer  
  79  6:17  Drone  
  79  6:18  Drone x3  
  83  6:19  Infestation Pit  
  83  6:22  Drone, Overlord  
  83  6:25  Spore Crawler  
  83  6:26  Drone  
  83  6:37  Overlord  
  83  6:38  Drone x4  
  87  6:42  Overlord  
  87  6:46  Roach  
  89  6:47  Zergling x2  
  89  6:48  Overlord  
  90  6:56  Swarm Host x6  
  108  7:04  Swarm Host x2  
  108  7:06  Overlord  
  114  7:09  Drone x3  
  114  7:10  Extractor  
  114  7:11  Swarm Host  
  119  7:19  Queen  
  119  7:21  Swarm Host  
  124  7:23  Swarm Host  
  124  7:25  Overlord  
  124  7:29  Zergling x16  
  135  7:34  Overlord  
  135  7:35  Roach x6  
  147  7:40  Overlord  
  147  7:43  Ravager  
  148  7:49  Roach x3  
  148  7:50  Roach x2  
  158  7:54  Queen, Overlord  
  160  7:58  Overlord x2  
  160  8:04  Roach x5  
  166  8:19  Roach x9  
  176  8:25  Roach x2  
  173  8:28  Roach x4  
  172  8:36  Roach  
  172  8:37  Roach  
  151  8:50  Roach x8  
  160  8:56  Zergling x10  
  158  9:05  Drone x3  
  158  9:07  Roach  
  158  9:08  Roach x3  
  161  9:12  Ravager  
  161  9:15  Ravager  
  161  9:16  Zergling x12  
  167  9:22  Roach x3  
  171  9:28  Ravager  
  171  9:29  Ravager  
  175  9:31  Roach x4  
  180  9:43  Zergling x12  
  177  9:49  Zergling x12  
  169  9:55  Roach  
  151  10:01  Roach  
  151  10:02  Roach x2  
  151  10:06  Roach x4  
  155  10:10  Roach x2  
  155  10:14  Ravager x6  
  149  10:15  Roach  
  153  10:25  Roach x4  
  160  10:37  Roach x7  
  174  10:48  Zergling x18  
  183  10:50  Ravager x5  
  183  10:51  Ravager  
  179  11:09  Roach x7  
  182  11:12  Roach x4  
  187  11:22  Roach x6  
  185  11:27  Drone x2  
  185  11:32  Ravager x2  
  180  11:33  Ravager  
  180  11:34  Ravager  
  180  11:35  Zergling x12  
  161  11:48  Roach x7  
  146  11:58  Roach x6  
Tags
 
Add a new tag
Caveats
  • Supply blocks, unpowered buildings, or Contaminate may cause inaccurate times.
  • Supply counts are checked every 10 seconds.